 Dungeon Crawl Stone Soup version 0.23.2-33-g5129a83184 (webtiles) character file.

Game seed: 12055837818032480332

236808 shadizar the Peltast (level 19, -1/125 HPs)
             Began as a Gargoyle Fighter on June 29, 2019.
             Was a High Priest of Okawaru.
             Slain by a wolf spider (12 damage)
             ... on level 3 of the Spider Nest.
             The game lasted 01:36:23 (33669 turns).

shadizar the Peltast (Gargoyle Fighter)            Turns: 33669, Time: 01:36:23

Health: -1/125     AC: 47    Str: 33 (34) XL:     19   Next: 67%
Magic:  11/17      EV: 13    Int: 21      God:    Okawaru [*****.]
Gold:   3090       SH:  0    Dex:  5      Spells: 18/18 levels left

rFire    + . .     SeeInvis .   j - +5 morningstar (holy)
rCold    + + +     Gourm    .   P - +0 shield {reflect}
rNeg     + + +     Faith    .   a - +7 plate armour {ponderous}
rPois    ∞         Spirit   .   A - +0 helmet of Fun {rElec rN+++ MP-9 Str+4}
rElec    +         Reflect  +   J - scarf {rC+ rF+}
rCorr    +         Harm     .   Y - +0 pair of gloves of the Mantidfly {MR+}
MR       ++...                  e - +1 pair of boots {Stlth+}
Stlth    ..........             i - amulet of Salvation {rN+ Regen+ Int+5}
HPRegen  0.70/turn              I - ring of Ximm {rCorr rC++ Int+4}
MPRegen  0.15/turn              K - ring of Egomania {+Inv rPois Str+2 Int+3 Dex-4}

@: confused, heroism, finesse, berserk cooldown, flying, slowed, very slow
A: big wings, negative energy resistance 1, electricity resistance, unbreathing,
petrification resistance, rot immunity, AC +14
}: 1/15 runes: barnacled
a: Stop Flying, Heroism, Finesse, Renounce Religion, Evoke Invisibility


You were on level 3 of the Spider Nest.
You worshipped Okawaru.
Okawaru was extremely pleased with you.
You were not hungry.

You visited 6 branches of the dungeon, and saw 31 of its levels.
You visited the Abyss 2 times.
You also visited: Bailey and Gauntlet.

You collected 3090 gold pieces.

Inventory:

Hand Weapons
 j - a +5 morningstar of holy wrath (weapon)
 D - the +7 shortbow "Animer" {speed, Str+2, unknown}
   (Okawaru gifted it to you on level 13 of the Dungeon)

   Attacks with this weapon are significantly faster.
   It affects your strength (+2).
 S - a +1 eveningstar of draining
 V - a +5 demon whip of venom
 W - the cursed +1 quick blade of Naybipt {drain, +Fly rN+ MR+ Int-2, unknown}
   (You found it on level 4 of the Shoals)

   A truly terrible weapon, it drains the life of those it strikes.
   It affects your intelligence (-2).
   It protects you from negative energy.
   It affects your resistance to hostile enchantments.
   It lets you fly.
   It has a curse placed upon it.
Armour
 a - a +7 plate armour of ponderousness (worn)
 e - a +1 pair of boots of stealth (worn)
 w - a +3 plate armour of cold resistance
 A - the +0 helmet of Fun (worn) {rElec rN+++ MP-9 Str+4}
   (You found it on level 3 of the Shoals)

   It affects your strength (+4).
   It insulates you from electricity.
   It renders you almost immune to negative energy.
   It affects your magic capacity (-9).
 G - a +2 hat of magic resistance
 J - a scarf of resistance (worn)
 P - a +0 shield of reflection (worn)
 T - a +0 large shield
 Y - the +0 pair of gloves of the Mantidfly (worn) {MR+}
   (You found it on level 1 of the Shoals)

   It affects your resistance to hostile enchantments.
Jewellery
 d - the amulet of Vitality {Regen+ HP+15}
   (You acquired it on level 3 of the Lair of Beasts)

   [amulet of regeneration]

   It affects your health (+15).
   It increases your rate of regeneration.
 i - the amulet of Salvation (around neck) {rN+ Regen+ Int+5}
   (You acquired it on level 3 of the Lair of Beasts)

   [amulet of regeneration]

   It affects your intelligence (+5).
   It protects you from negative energy.
   It increases your rate of regeneration.
 m - the ring "Etoeb" {Fire MR+}
   (You acquired it on level 13 of the Dungeon)

   [ring of fire]

   It enhances your fire magic.
   It protects you from fire.
   It makes you vulnerable to cold.
   It affects your resistance to hostile enchantments.
 q - an uncursed ring of resist corrosion
 z - the amulet of Posolomu {RegenMP rElec rN+ Str-2 Int+2}
   (You took it off a merfolk impaler on level 4 of the Shoals)

   [amulet of magic regeneration]

   It increases your magic regeneration.
   It affects your strength (-2).
   It affects your intelligence (+2).
   It insulates you from electricity.
   It protects you from negative energy.
 E - the ring "Nibizanu" {*Tele rN+ Int+4}
   (You took it off a centaur warrior on level 8 of the Dungeon)

   [ring of teleportation]

   It may teleport you next to monsters.
   It affects your intelligence (+4).
   It protects you from negative energy.
 I - the ring of Ximm (left hand) {rCorr rC++ Int+4}
   (You found it on level 4 of the Shoals)

   [ring of resist corrosion]

   It affects your intelligence (+4).
   It greatly protects you from cold.
 K - the ring of Egomania (right hand) {+Inv rPois Str+2 Int+3 Dex-4}
   (You found it on level 14 of the Dungeon)

   [ring of intelligence]

   It affects your strength (+2).
   It affects your intelligence (+3).
   It affects your dexterity (-4).
   It protects you from poison.
   It lets you turn invisible.
 L - an uncursed ring of protection from magic
 Z - an uncursed ring of protection from fire
Wands
 n - a wand of digging (9)
 x - a wand of flame (29)
 M - a wand of paralysis (7)
 N - a wand of iceblast (5)
 Q - a wand of clouds (4)
Scrolls
 b - 7 scrolls of enchant armour
 c - a scroll of amnesia
 g - 17 scrolls of remove curse
 k - 3 scrolls of magic mapping
 o - 4 scrolls of blinking
 r - 4 scrolls of enchant weapon
 u - 8 scrolls of fog
 v - 13 scrolls of teleportation
 y - 12 scrolls of identify
 B - 2 scrolls of summoning
Potions
 h - 5 potions of invisibility
 l - 5 potions of haste
 p - 4 potions of might
 s - 2 potions of agility
 t - 2 potions of heal wounds
 C - 6 potions of curing
 F - 3 potions of berserk rage
 R - 5 potions of resistance
Comestibles
 f - 60 rations


   Skills:
 + Level 15.9(20.9) Fighting
 + Level 15.1(20.1) Maces & Flails
 + Level 15.8(20.8) Armour
 + Level 12.4(17.4) Dodging
 - Level 1.9(6.9) Stealth
 + Level 16.1(21.1) Shields
 - Level 10.3 Invocations
 + Level 7.0 Evocations


You had 18 spell levels left.
You didn't know any spells.
Your spell library contained the following spells:

 Spells                   Type           Power        Failure   Level  Hunger
 Confusing Touch          Hex            #.....       52%         1    ##.....
 Corona                   Hex            #......      52%         1    ##.....
 Freeze                   Ice            #...         52%         1    ##.....
 Infusion                 Chrm           #...         52%         1    ##.....
 Sting                    Conj/Pois      #...         52%         1    ##.....
 Poisonous Vapours        Pois/Air       #.....       67%         2    ###....
 Shroud of Golubria       Chrm/Tloc      #.........   67%         2    ###....
 Slow                     Hex            #.......     67%         2    ###....
 Song of Slaying          Chrm           #.......     67%         2    ###....
 Throw Frost              Conj/Ice       #.....       67%         2    ###....
 Confuse                  Hex            #.......     88%         3    ####...
 Gell's Gravitas          Tloc           #.........   88%         3    ####...
 Inner Flame              Hex/Fire       #.......     88%         3    ####...
 Mephitic Cloud           Conj/Pois/Air  #.......     88%         3    ####...
 Ozocubu's Armour         Chrm/Ice       #.......     88%         3    ####...
 Portal Projectile        Hex/Tloc       #.....       88%         3    ####...
 Regeneration             Chrm/Necr      #.........   88%         3    ####...
 Spectral Weapon          Hex/Chrm       #.......     88%         3    ####...
 Cause Fear               Hex            #.........   99%         4    #####..
 Leda's Liquefaction      Hex/Erth       #.........   99%         4    #####..
 Olgreb's Toxic Radiance  Pois           #.......     99%         4    #####..
 Petrify                  Tmut/Erth      #.......     99%         4    #####..
 Summon Ice Beast         Ice/Summ       #.......     99%         4    #####..
 Throw Icicle             Conj/Ice       #.......     99%         4    #####..
 Bolt of Magma            Conj/Fire/Erth #.........   100%        5    ######.
 Metabolic Englaciation   Hex/Ice        #.........   100%        5    ######.
 Venom Bolt               Conj/Pois      #.........   100%        5    ######.
 Yara's Violent Unravell  Hex/Tmut       #.........   100%        5    ######.
 Iron Shot                Conj/Erth      #.........   100%        6    #######
 Shatter                  Erth           #.........   100%        9    #######
 Statue Form              Tmut/Erth      Unusable     N/A         6    N/A

Dungeon Overview and Level Annotations

Branches:
Dungeon (15/15)            Temple (1/1) D:6            Lair (6/6) D:9
 Shoals (4/4) Lair:2       Spider (3/4) Lair:2        Slime (0/5) Lair:6
    Orc (2/2) D:10            Elf (0/3) Orc:2        Vaults (0/5) D:13
 Depths (0/5) D:15

Altars:
Ashenzari
Cheibriados
Dithmenos
Elyvilon
Fedhas
Gozag
Hepliaklqana
Kikubaaqudgha
Makhleb
Nemelex Xobeh
Okawaru
Qazlal
Ru
Sif Muna
Trog
Uskayaw
Vehumet
Wu Jian
Xom
Yredelemnul
Zin
The Shining One
Beogh

Shops:
D:4 :   D:5 ?   D:6 *(?   D:13 %   D:14 }   Orc:2 ([?*   Shoals:3 (

Annotations:
D:9 2 transporters, Jaz's ghost, novice HOBe


Innate Abilities, Weirdness & Mutations

You are resistant to torment.
Your stone body is resilient. (AC +14)
You are immune to poison.
Your large and strong wings let you fly indefinitely.
You resist negative energy. (rN+)
You are resistant to electric shocks. (rElec)
You can survive without breathing.
You are immune to petrification.
You are immune to rotting.


Message History

The wolf spider barely misses you.
Unknown command.
Unknown command.
Unknown command.
Unknown command.
Unknown command.
Unknown command.
Unknown command.
Unknown command.
Unknown command.
Unknown command.
Unknown command.
The jumping spider pounces on you but does no damage.
The jumping spider bites you but does no damage.
The hornet barely misses you.
The jumping spider pounces on you but does no damage.
The jumping spider closely misses you. The hornet stings you!
* * * LOW HITPOINT WARNING * * *
The tarantella barely misses you. The wolf spider hits you!
You die...

...........≈.............
..#....#...#†.........##.
.........................
......^.......†........(.
...#.......^.............
#..........#..##...††...
^.#..................###.
#...^.†ss.....^........#
....!..s@..............##
......^ys.......†.......#
...............#.......##
.....................#...
............^............
..#^......^..#....^......
^......#............#..^.
..^..s....^.............
.............†


You could see a wolf spider, a hornet (berserk), 3 jumping spiders and a
tarantella.

Vanquished Creatures
  Mara (Shoals:4)
  A profane servitor (Abyss:2)
  Arachne (Spider:2)
  The ghost of Pyalob the Fighter, an adept GrEE of Vehumet (Shoals:3)
  Jorgrun (Shoals:2)
  The ghost of Losag the Swashbuckler, an adept HaGl of Ashenzari (Shoals:3)
  The ghost of Lyfunof the Scorcher, an adept DrFE of Okawaru (Shoals:1)
  Gastronok (Lair:3)
  A tentacled starspawn (Abyss:1)
  Polyphemus (Shoals:4)
  The ghost of LaularuKyrumo the Fencer, an adept NaBe of Trog (Shoals:3)
  Kirke (Lair:5)
  A deep elf sorcerer (Abyss:2)
  Ilsuiw (Shoals:2)
  A fire giant (D:15)
  Louise (Shoals:2)
  A ghost moth (Spider:3)
  The ghost of Matador8 the Party-goer, a journeyman DrEE of Uskayaw (Orc:1)
  2 emperor scorpions (Lair:2)
  The ghost of Thian the Spear-Bearer, a journeyman DsFi of Hepliaklqana (Shoals:3)
  A deep elf elementalist (Abyss:2)
  2 entropy weavers
  A stone giant (Orc:2)
  A minotaur (Gauntlet)
  Azrael (Spider:1)
  The ghost of SaintRoka the Prestidigitator, a journeyman DDGl of Makhleb (Orc:2)
  Snorg (Orc:1)
  A merfolk javelineer (Shoals:4)
  8 merfolk impalers
  Josephine (D:12)
  A blizzard demon (Gauntlet)
  A fire dragon (Lair:6)
  4 vault guards (D:13)
  Erolcha (Orc:1)
  Harold (D:10)
  9 hydras
  2 merfolk avatars
  5 centaur warriors
  A catoblepas (Shoals:4)
  12 merfolk aquamancers
  9 two-headed ogres
  2 satyrs (Shoals:4)
  A tengu warrior (D:8)
  4 death yaks (Shoals:3)
  A queen ant (Lair:2)
  2 vampire magi
  4 hell hogs (Abyss:1)
  Urug (D:11)
  2 thrashing horrors (Abyss:1)
  An orc high priest (Orc:2)
  28 slime creatures
  Sonja (D:11)
  2 wretched stars
  Nergalle (Lair:3)
  A fire crab (Lair:6)
  3 unseen horrors
  A sea snake (shapeshifter) (D:15)
  13 sea snakes
  2 wolf spider zombies
  7 orc knights
  11 orb spiders
  17 manticores
  8 harpies
  10 cyclopes
  28 wolf spiders
  A worldbinder (Abyss:2)
  29 fauns
  A deep elf mage (D:13)
  2 orc sorcerers (Orc:1)
  2 moths of wrath
  12 ugly things
  Maurice (D:12)
  5 elephants (Lair:5)
  13 merfolk sirens
  3 black mambas (Lair:6)
  An ice statue (Gauntlet)
  A guardian serpent (Abyss:1)
  4 water nymphs
  3 molten gargoyles (Lair:6)
  2 gargoyles
  5 smoke demons
  4 rime drakes
  10 spiny frogs
  4 komodo dragons
  3 kobold demonologists (D:15)
  3 efreet
  8 demonic crawlers
  An ancient zyme (Abyss:2)
  An ice devil (Gauntlet)
  A red devil (Gauntlet)
  A hellwing (Abyss:1)
  32 merfolk
  5 hornets
  A meliai (shapeshifter) (D:15)
  2 polar bears
  28 jumping spiders
  11 trolls
  9 wind drakes
  7 raiju
  16 hippogriffs
  11 blink frogs
  Grinder (D:6)
  6 dream sheep
  A hippogriff (shapeshifter) (Abyss:1)
  9 snapping turtles
  Sigmund (D:5)
  5 flying skulls (Abyss:2)
  2 shadows
  A centaur simulacrum (D:14)
  8 wyverns
  3 ynoxinuls
  A yak (shapeshifter) (D:15)
  3 vampires
  5 large abominations (Abyss:2)
  18 tarantellas
  23 yaks
  A spriggan (D:12)
  7 water elementals
  53 redbacks
  3 wraiths (D:12)
  2 chaos spawn (Abyss:2)
  4 small abominations
  5 basilisks
  5 fire elementals
  7 hogs (Lair:5)
  A fire bat (Abyss:2)
  4 hungry ghosts
  Grum (D:8)
  10 wargs
  4 steam dragons
  Menkaure (D:4)
  3 acid dragons
  3 insubstantial wisps
  9 water moccasins
  7 soldier ants (Lair:2)
  7 hell hounds
  9 porcupines
  2 black bears
  3 ice beasts
  44 orc warriors
  3 sky beasts
  3 necrophages
  3 eyes of draining
  7 ogres
  A phantom (D:13)
  16 wolves
  21 centaurs
  6 crocodiles
  4 big kobolds
  16 bullfrogs
  A gnoll sergeant (D:7)
  A wyvern zombie (D:12)
  A wyvern skeleton (D:14)
  5 scorpions
  22 killer bees
  6 wights
  5 electric eels
  5 lava snakes (Lair:6)
  6 crimson imps
  5 howler monkeys
  A bullfrog zombie (D:11)
  A centaur zombie (D:8)
  11 starcursed masses
  A quasit (D:10)
  9 jellies
  14 hounds
  28 orc priests
  3 bullfrog skeletons
  9 centaur skeletons
  24 orc wizards
  6 iguanas
  27 worker ants
  A killer bee zombie (D:8)
  5 hound zombies
  A hound skeleton (D:8)
  9 gnolls
  16 adders
  A shadow imp (D:14)
  2 white imps
  An ufetubus (Abyss:2)
  3 oozes (Lair:6)
  2 adder skeletons
  2 worms
  A dart slug (D:1)
  9 leopard geckos
  115 orcs
  3 ball pythons
  7 giant cockroaches
  11 goblins
  9 hobgoblins
  17 jackals
  30 kobolds
  9 quokkas
  11 bats
  8 frilled lizards
  A jackal skeleton (D:6)
  3 leopard gecko skeletons
  2 quokka zombies
  11 rats
1322 creatures vanquished.

Vanquished Creatures (others)
  A merfolk javelineer (Shoals:3)
  A merfolk aquamancer (Shoals:3)
  A satyr (Shoals:3)
  2 sea snakes (Shoals:1)
  An orb spider (Spider:2)
  A cyclops (Shoals:3)
  A faun (Shoals:2)
  A merfolk siren (Shoals:3)
  A blink frog (Abyss:2)
  2 yaks
  A human (D:2)
  A bullfrog (D:13)
  A goblin (D:13)
  6 fungi
  A lurking horror (Abyss:1)
  41 plants
  4 starspawn tentacles
  2 withered plants (Shoals:3)
69 creatures vanquished.

Grand Total: 1391 creatures vanquished

Notes
Turn   | Place    | Note
-------+----------+-------------------------------------------
     0 | D:1      | shadizar the Gargoyle Fighter began the quest for the Orb.
     0 | D:1      | Reached XP level 1. HP: 14/14 MP: 1/1
   111 | D:1      | Reached XP level 2. HP: 19/19 MP: 2/2
   262 | D:1      | Reached XP level 3. HP: 22/23 MP: 3/3
   855 | D:2      | Reached XP level 4. HP: 25/29 MP: 4/4
   905 | D:2      | Found an ancient bone altar of Kikubaaqudgha.
   908 | D:2      | Noticed a human
   909 | D:2      | Killed a human
  1508 | D:2      | Reached skill level 4 in Shields
  1540 | D:3      | Reached XP level 5. HP: 32/34 MP: 5/5
  1584 | D:3      | Found a snail-covered altar of Cheibriados.
  1769 | D:3      | Reached skill level 1 in Dodging
  2097 | D:3      | Found a bloodstained altar of Trog.
  2350 | D:4      | Reached XP level 6. HP: 23/39 MP: 6/6
  2677 | D:4      | Found Jiwuf's Book Shop.
  2705 | D:4      | Found a sacrificial altar of Ru.
  3489 | D:5      | Entered Level 5 of the Dungeon
  3540 | D:5      | Noticed Menkaure
  3541 | D:5      | Noticed Sigmund
  3813 | D:4      | Killed Menkaure
  3813 | D:4      | Reached skill level 5 in Shields
  3813 | D:4      | Reached XP level 7. HP: 31/44 MP: 7/7
  3977 | D:5      | Reached skill level 1 in Stealth
  4272 | D:6      | Found Zaelitas's Magic Scroll Boutique.
  4275 | D:6      | Found a glowing silver altar of Zin.
  4317 | D:6      | Reached skill level 5 in Maces & Flails
  4358 | D:6      | Found a staircase to the Ecumenical Temple.
  4384 | Temple   | Entered the Ecumenical Temple
  4459 | Temple   | Became a worshipper of Warmaster Okawaru
  4631 | D:6      | Reached skill level 5 in Armour
  4643 | D:6      | Found Toosteni's Antique Weapon Shoppe.
  4661 | D:6      | Found Lenuj's General Store.
  4748 | D:6      | Reached skill level 5 in Fighting
  4748 | D:6      | Reached XP level 8. HP: 31/49 MP: 8/8
  4940 | D:6      | Noticed Grinder
  4949 | D:6      | Killed Grinder
  4958 | D:6      | Reached skill level 6 in Shields
  4961 | D:6      | Found a white marble altar of Elyvilon.
  5192 | D:5      | Reached * piety under Okawaru
  5420 | D:6      | Reached skill level 1 in Invocations
  5654 | D:7      | Noticed a hippogriff
  5683 | D:7      | Killed a hippogriff
  5683 | D:7      | Reached XP level 9. HP: 21/55 MP: 10/10
  5928 | D:7      | Reached ** piety under Okawaru
  6076 | D:7      | Found a stormy altar of Qazlal.
  6237 | D:7      | Found a basalt altar of Yredelemnul.
  6344 | D:7      | Reached skill level 7 in Shields
  6398 | D:8      | Found a hazy altar of Hepliaklqana.
  6458 | D:8      | Noticed a two-headed ogre
  6465 | D:8      | Killed a two-headed ogre
  6465 | D:8      | Reached *** piety under Okawaru
  6465 | D:8      | Reached XP level 10. HP: 56/61 MP: 9/13
  6709 | D:8      | Found a blossoming altar of Fedhas.
  6739 | D:8      | Noticed Grum
  6751 | D:8      | Killed Grum
  6847 | D:8      | Reached **** piety under Okawaru
  7048 | D:8      | Noticed a two-headed ogre
  7060 | D:8      | Killed a two-headed ogre
  7067 | D:8      | Reached skill level 8 in Shields
  7092 | D:8      | Reached skill level 5 in Invocations
  7112 | D:8      | Reached ***** piety under Okawaru
  7350 | D:8      | Noticed a tengu warrior
  7596 | D:8      | Identified the ring "Nibizanu" {*Tele rN+ Int+4}
  7596 | D:8      | Noticed a centaur warrior
  7608 | D:8      | Killed a centaur warrior
  7608 | D:8      | Received a gift from Okawaru
  7608 | D:8      | Reached skill level 5 in Dodging
  7608 | D:8      | Reached XP level 11. HP: 60/68 MP: 11/15
  7750 | D:8      | Noticed a five-headed hydra
  7771 | D:8      | Killed a five-headed hydra
  8190 | D:8      | Killed a tengu warrior
  8467 | D:5      | Killed Sigmund
  8539 | D:5      | Found Reczesosch's Magic Scroll Emporium.
  8545 | D:5      | Got a fine leather armour
  8764 | D:9      | Found a transporter.
  8765 | D:9      | Noticed Jaz's ghost (novice HOBe)
  8829 | D:9      | Found a transporter.
  9072 | D:9      | Found a staircase to the Lair.
  9193 | D:9      | Reached skill level 9 in Shields
  9551 | D:9      | Found an opulent altar of Gozag.
  9769 | Lair:1   | Entered Level 1 of the Lair of Beasts
 10411 | Lair:1   | Noticed a seven-headed hydra
 10425 | Lair:1   | Killed a seven-headed hydra
 10425 | Lair:1   | Received a gift from Okawaru
 10683 | Lair:2   | You fall through a shaft!
 10687 | Lair:3   | Noticed Nergalle
 10724 | Lair:3   | Noticed a spectral orc warlord
 10763 | Lair:3   | Killed Nergalle
 10763 | Lair:3   | Reached XP level 12. HP: 35/76 MP: 17/17
 10780 | Lair:3   | Found a gate leading to a gauntlet.
 10789 | Gauntlet | Entered a Gauntlet
 10789 | Gauntlet | Found a transporter.
 10789 | Gauntlet | Found a transporter.
 10805 | Gauntlet | Found a transporter.
 10809 | Gauntlet | Found a transporter.
 10823 | Gauntlet | Found a transporter.
 10827 | Gauntlet | Found a transporter.
 10844 | Gauntlet | Found a transporter.
 10846 | Gauntlet | Noticed a blizzard demon
 10858 | Gauntlet | Found a transporter.
 10873 | Gauntlet | Found a transporter.
 10877 | Gauntlet | Found a transporter.
 10878 | Gauntlet | Found a runed translucent door.
 10893 | Gauntlet | Found a transporter.
 10894 | Gauntlet | Found a transporter.
 11371 | Gauntlet | Killed a blizzard demon
 11398 | Gauntlet | Got a sparkling silver ring
 11453 | Gauntlet | Noticed a minotaur
 11466 | Gauntlet | HP: 1/76 [minotaur/+4 morningstar of holy wrath (24)]
 11471 | Gauntlet | Killed a minotaur
 11690 | Lair:3   | Identified the ring "Piguob Jakk" {rElec Int+2 Dex+2
                  | Stlth+} (You found it in a Gauntlet)
 11875 | Lair:3   | Noticed an eight-headed hydra
 11885 | Lair:3   | Killed an eight-headed hydra
 11885 | Lair:3   | Reached skill level 10 in Shields
 12133 | Lair:3   | Noticed Gastronok
 12151 | Lair:3   | Killed Gastronok
 12151 | Lair:3   | Received a gift from Okawaru
 12310 | Lair:3   | Identified 2 scrolls of acquirement
 12313 | Lair:3   | Got a slimy silver amulet
 12317 | Lair:3   | Found the amulet of Vitality {Regen+ HP+15}
 12348 | Lair:3   | Identified the amulet of Salvation {rN+ Regen+ Int+5} (You
                  | acquired it on level 3 of the Lair of Beasts)
 12409 | Lair:2   | Noticed a four-headed hydra
 12429 | Lair:2   | Reached skill level 10 in Maces & Flails
 12439 | Lair:2   | Killed a four-headed hydra
 12439 | Lair:2   | Reached skill level 10 in Fighting
 12487 | Lair:2   | Reached skill level 10 in Armour
 12504 | Lair:2   | Reached XP level 13. HP: 53/82 MP: 19/19
 12573 | Lair:2   | Found a staircase to the Shoals.
 12649 | Lair:2   | Found a hole to the Spider Nest.
 13306 | Lair:2   | Reached ****** piety under Okawaru
 13801 | Lair:4   | Received a gift from Okawaru
 14442 | Lair:4   | Got a twisted whip
 14748 | Lair:5   | Noticed Kirke
 14761 | Lair:5   | Reached skill level 11 in Shields
 14809 | Lair:5   | Killed Kirke
 14906 | Lair:5   | Received a gift from Okawaru
 15363 | Lair:6   | Entered Level 6 of the Lair of Beasts
 15395 | Lair:6   | Found a staircase to the Slime Pits.
 15641 | Lair:6   | Identified the +3 leather armour "Himerr" {rCorr Dex+3}
                  | (You found it on level 5 of the Dungeon)
 15680 | Lair:6   | Found a bloodstained altar of Trog.
 15696 | Lair:6   | Gained mutation: Your large and strong wings let you fly
                  | indefinitely. [Gargoyle growth]
 15696 | Lair:6   | Reached XP level 14. HP: 90/90 MP: 14/21
 16072 | Lair:6   | Reached skill level 10 in Invocations
 16151 | Lair:6   | Found a large runed translucent door.
 16151 | Lair:6   | Found a large runed translucent door.
 16381 | Lair:6   | Received a gift from Okawaru
 16740 | D:10     | Entered Level 10 of the Dungeon
 16759 | D:10     | Identified the +7 whip of the Spider Nest {freeze, rPois
                  | MR- Int+5 Stlth+} (You found it on level 4 of the Lair of
                  | Beasts)
 16834 | D:10     | Noticed Harold
 16842 | D:10     | Killed Harold
 16952 | D:10     | Found a staircase to the Orcish Mines.
 17484 | Orc:1    | Entered Level 1 of the Orcish Mines
 17489 | Orc:1    | Found a transporter.
 17535 | Orc:1    | Noticed Snorg
 17571 | Orc:1    | Killed Snorg
 17691 | Orc:1    | Found a transporter.
 17692 | Orc:1    | Noticed Matador8's ghost (journeyman DrEE)
 17791 | Orc:1    | Noticed Erolcha
 17806 | Orc:1    | Killed Erolcha
 17997 | Orc:2    | Entered Level 2 of the Orcish Mines
 18097 | Orc:2    | Noticed a stone giant
 18167 | Orc:2    | Killed a stone giant
 18223 | Orc:2    | Reached skill level 12 in Shields
 18387 | Orc:2    | Found a runed translucent gate.
 18388 | Orc:2    | Found a runed translucent gate.
 18389 | Orc:2    | Found a runed translucent gate.
 18449 | Orc:2    | Found a roughly hewn altar of Beogh.
 18642 | Orc:2    | Noticed an orc warlord
 18706 | Orc:2    | Found a staircase to the Elven Halls.
 18771 | Orc:2    | Found a roughly hewn altar of Beogh.
 18771 | Orc:2    | Found Moryn's General Store.
 18935 | Orc:2    | Found a roughly hewn altar of Beogh.
 18937 | Orc:2    | Found Sep Zeaz's Magic Scroll Emporium.
 19060 | Orc:2    | Noticed SaintRoka's ghost (journeyman DDGl)
 19071 | Orc:2    | Killed SaintRoka's ghost
 19134 | Orc:2    | Found a roughly hewn altar of Beogh.
 19163 | Orc:2    | Found a roughly hewn altar of Beogh.
 19295 | Orc:2    | Received a gift from Okawaru
 19442 | Orc:2    | Found Quiw's Antique Armour Boutique.
 19443 | Orc:2    | Found a roughly hewn altar of Beogh.
 19446 | Orc:2    | Found Eho Seni's Antique Weapon Shop.
 19620 | Orc:1    | Reached XP level 15. HP: 88/96 MP: 15/22
 19663 | Orc:1    | Killed Matador8's ghost
 19686 | Orc:1    | Got a coiled bone ring
 19884 | D:11     | Noticed Sonja
 19942 | D:11     | Found the +3 salamander hide armour {+Rage rF++}
 20208 | D:11     | Cast into level 1 of the Abyss (Sonja)
 20334 | Abyss:1  | Noticed a tentacled starspawn
 20350 | Abyss:1  | Killed a tentacled starspawn
 20350 | Abyss:1  | Received a gift from Okawaru
 20354 | Abyss:1  | Got a shimmering great mace {god gift}
 20442 | Abyss:1  | Paralysed by accursed screaming for 2 turns
 20579 | D:11     | Escaped the Abyss
 20634 | D:11     | Killed Sonja
 20793 | D:11     | Noticed Urug
 20810 | D:11     | Killed Urug
 21019 | D:11     | Identified the ring "Kiym" {rPois rF- rN+ Slay+4} (You
                  | found it on level 1 of the Orcish Mines)
 21049 | D:12     | Noticed Maurice
 21050 | D:12     | Noticed Josephine
 21056 | D:12     | Killed Maurice
 21074 | D:12     | Killed Josephine
 21178 | D:12     | Received a gift from Okawaru
 21189 | D:12     | Got a transparent halberd {god gift}
 21348 | D:12     | Reached skill level 13 in Shields
 21373 | D:12     | Identified the +6 great mace of Scroll {crush, Dex+5}
                  | (Okawaru gifted it to you on level 1 of the Abyss)
 21375 | D:12     | Identified the +7 halberd of Walofih {drain, *Corrode +Rage
                  | rC- Str+9} (Okawaru gifted it to you on level 12 of the
                  | Dungeon)
 21902 | D:13     | Got a fine buckler
 22071 | D:13     | Found a gate to the Vaults.
 22128 | D:13     | Found Jaid's Food Shop.
 22149 | D:13     | Found a flagged portal.
 22163 | Bailey   | Entered a bailey
 22604 | D:13     | Received a gift from Okawaru
 22607 | D:13     | Got a brightly glowing shortbow {god gift}
 22635 | D:13     | Reached XP level 16. HP: 87/104 MP: 23/23
 22639 | D:13     | Reached skill level 10 in Dodging
 23306 | D:13     | Identified the +2 buckler of the Mantidfly {rElec Dex-4
                  | Stlth+} (You found it on level 13 of the Dungeon)
 23322 | D:13     | Got a clouded jade ring
 23331 | D:13     | Identified the ring "Etoeb" {Fire MR+} (You acquired it on
                  | level 13 of the Dungeon)
 23488 | D:14     | Found Enuqots's Gadget Boutique.
 23712 | D:14     | Received a gift from Okawaru
 23855 | D:14     | Got a glittering granite ring
 24176 | D:14     | Identified the ring of Egomania {+Inv rPois Str+2 Int+3
                  | Dex-4} (You found it on level 14 of the Dungeon)
 24182 | D:15     | Entered Level 15 of the Dungeon
 24347 | D:15     | Found a staircase to the Depths.
 25273 | Shoals:1 | Entered Level 1 of the Shoals
 25291 | Shoals:1 | Reached skill level 14 in Shields
 25391 | Shoals:1 | Found a runed translucent gate.
 25392 | Shoals:1 | Found a runed translucent gate.
 25741 | Shoals:1 | Reached XP level 17. HP: 106/111 MP: 24/24
 25898 | Shoals:1 | Found a runed translucent gate.
 25900 | Shoals:1 | Noticed Lyfunof's ghost (adept DrFE)
 26470 | Shoals:1 | Received a gift from Okawaru
 26523 | Shoals:1 | Killed Lyfunof's ghost
 26534 | Shoals:1 | Reached skill level 1 in Evocations
 26751 | Shoals:1 | Got a jewelled helmet
 26753 | Shoals:1 | Got a pair of bloodstained gloves
 26785 | Shoals:1 | Identified the +1 helmet "Atsojoxe" {rC- Str-2 Int+7 SInv}
                  | (You found it on level 1 of the Shoals)
 26801 | Shoals:1 | Identified the cursed +0 pair of gloves of the Mantidfly
                  | {MR+} (You found it on level 1 of the Shoals)
 26879 | Shoals:2 | Noticed Ilsuiw
 27036 | Shoals:2 | Killed Ilsuiw
 27467 | Shoals:2 | Noticed Jorgrun
 27484 | Shoals:2 | Killed Jorgrun
 27560 | Shoals:2 | Noticed Louise
 27598 | Shoals:2 | Killed Louise
 28294 | Shoals:3 | Found Deudyesu's Weapon Boutique.
 28583 | Shoals:3 | Found a runed translucent gate.
 28583 | Shoals:3 | Found a runed translucent gate.
 28583 | Shoals:3 | Found a runed translucent gate.
 28584 | Shoals:3 | Noticed Thian's ghost (journeyman DsFi)
 28584 | Shoals:3 | Noticed Losag's ghost (adept HaGl)
 28585 | Shoals:3 | Noticed LaularuKyrumo's ghost (adept NaBe)
 28586 | Shoals:3 | Noticed Pyalob's ghost (adept GrEE)
 28677 | Shoals:3 | Killed Losag's ghost
 28703 | Shoals:3 | Killed LaularuKyrumo's ghost
 28725 | Shoals:3 | Killed Thian's ghost
 28725 | Shoals:3 | Reached XP level 18. HP: 104/117 MP: 25/25
 28757 | Shoals:3 | Killed Pyalob's ghost
 28757 | Shoals:3 | Received a gift from Okawaru
 28792 | Shoals:3 | Got a distressingly furry helmet
 28997 | Shoals:3 | Identified the cursed +0 helmet of Fun {rElec rN+++ MP-9
                  | Str+4} (You found it on level 3 of the Shoals)
 29051 | Shoals:4 | Entered Level 4 of the Shoals
 29067 | Shoals:4 | Reached skill level 15 in Shields
 29114 | Shoals:4 | Noticed Polyphemus
 29324 | Shoals:4 | Identified the amulet of Posolomu {RegenMP rElec rN+ Str-2
                  | Int+2}
 29330 | Shoals:4 | Killed Polyphemus
 29497 | Shoals:4 | Got a smoking leather armour
 29539 | Shoals:4 | Reached skill level 15 in Fighting
 29569 | Shoals:4 | Noticed Mara
 29590 | Shoals:4 | Noticed shadizar's illusion
 29630 | Shoals:4 | Killed Mara
 29630 | Shoals:4 | Reached skill level 15 in Armour
 29682 | Shoals:4 | Got a warped quick blade
 29706 | Shoals:4 | Got a barnacled rune of Zot
 29743 | Shoals:4 | Reached skill level 5 in Evocations
 29836 | Shoals:4 | Identified the +1 leather armour of Pathos {*Slow rC++}
                  | (You found it on level 4 of the Shoals)
 30189 | Shoals:4 | Got a clouded copper ring
 30323 | Shoals:4 | Cast into level 2 of the Abyss (merfolk impaler)
 30323 | Abyss:2  | Found a corrupted altar of Lugonu.
 30799 | Abyss:2  | Noticed a profane servitor
 30832 | Abyss:2  | Killed a profane servitor
 30832 | Abyss:2  | Received a gift from Okawaru
 30939 | Shoals:4 | Escaped the Abyss
 31247 | Spider:1 | Entered Level 1 of the Spider Nest
 31373 | Lair:2   | Reached XP level 19. HP: 71/124 MP: 15/26
 32245 | Spider:2 | Noticed Azrael
 32418 | Spider:1 | Killed Azrael
 32672 | Spider:2 | Reached skill level 15 in Maces & Flails
 32797 | Spider:2 | Identified the ring of Ximm {rCorr rC++ Int+4} (You found
                  | it on level 4 of the Shoals)
 33275 | Spider:2 | Noticed Arachne
 33322 | Spider:2 | Reached skill level 16 in Shields
 33400 | Spider:2 | Killed Arachne
 33669 | Spider:3 | Slain by a wolf spider

Skill      XL: |  1  2  3  4  5  6  7  8  9 10 11 12 13 14 15 16 17 18 19 |
---------------+----------------------------------------------------------+-----
Maces & Flails | 3 4 5 6 7 8 9 10 11 12 13 14 15 | 15.1
Shields        | 4 5 6 7 8 9 10 11 12 13 14 15 16 | 16.1
Fighting       | 4 5 6 7 9 10 11 12 13 14 15 | 15.9
Dodging        | 1 2 3 4 5 6 7 8 9 10 11 12 | 12.4
Armour         | 4 5 6 7 9 10 11 12 13 14 15 | 15.8
Stealth        | 1 |  1.9
Invocations    | 2 4 5 7 8 9 10 | 10.3
Evocations     | 3 5 7 |  7.0

Action                   |  1- 3 |  4- 6 |  7- 9 | 10-12 | 13-15 | 16-18 | 19-21 || total
-------------------------+-------+-------+-------+-------+-------+-------+-------++-------
Melee: Flail             |   154 |   302 |   149 |       |       |       |       ||   605
       Morningstar       |       |       |   210 |   403 |  2004 |  2300 |   617 ||  5534
       Mace              |       |       |       |   579 |       |       |       ||   579
Invok: Heroism           |       |       |     8 |    24 |    39 |    33 |     7 ||   111
       Finesse           |       |       |       |     1 |     4 |    10 |     2 ||    17
 Abil: Fly               |       |       |       |       |     1 |       |       ||     1
  Use: Potion            |       |       |     4 |     9 |     4 |    10 |       ||    27
       Scroll            |       |       |     1 |    23 |    10 |    11 |     1 ||    46
 Stab: Invisible         |       |     1 |       |       |       |       |       ||     1
       Paralysed         |       |     1 |       |       |       |       |       ||     1
  Eat: Chunk             |       |     8 |     8 |    22 |    31 |    32 |     6 ||   107
       Ration            |       |     1 |       |     1 |     2 |       |     1 ||     5
Armor: Scale mail        |    93 |   200 |    61 |       |       |       |       ||   354
       Plate armour      |       |       |   186 |   701 |  1167 |  1375 |   816 ||  4245
       Skin              |       |       |       |       |       |     1 |       ||     1
Dodge: Dodged            |    66 |   113 |   122 |   422 |   833 |   775 |   440 ||  2771
Block: Shield            |    95 |   180 |   258 |   744 |  1586 |  1525 |   800 ||  5188
       Reflection        |       |       |       |       |       |    91 |     2 ||    93
